 Dungeon Crawl Stone Soup version bcrawl-1.21.3 (webtiles) character file.

Game seed: 17631420215110142617

206 funkygono the Ducker (level 5, -5/42 HPs)
             Began as a Minotaur Archaeologist on Mar 28, 2020.
             Splashed by a jelly's acid (9 damage)
             ... on level 3 of the Dungeon.
             The game lasted 00:07:52 (2232 turns).

funkygono the Ducker (Minotaur Archaeologist)       Turns: 2232, Time: 00:07:52

Health: -5/42      AC: -5    Str: 16    XL:     5   Next: 53%
Magic:  4/4        EV: 12    Int: 11    God:
Gold:   127        SH:  0    Dex:  9    Spells: 4/4 levels left

rFire    . . .     SeeInvis .   a - +0 whip
rCold    . . .     Gourm    .   (no shield)
rNeg     . . .     Faith    .   i - +1 ring mail
rPois    .         Spirit   .   c - +1 hat
rElec    .         Reflect  .   (no cloak)
rCorr    .         Harm     .   (no gloves)
MR       .....                  d - +2 pair of boots
Stlth    ++........             t - amulet of the acrobat
HPRegen  0.14/turn              (no ring)
MPRegen  0.09/turn              (no ring)

@: corroded
A: retaliatory headbutt, horns 2
a: no special abilities


You were on level 3 of the Dungeon.
You were not hungry.

You visited 1 branch of the dungeon, and saw 3 of its levels.

You collected 127 gold pieces.

Inventory:

Hand Weapons
 a - a +0 whip (weapon)
Missiles
 j - 888 stones (quivered)
Armour
 c - a +1 hat (worn)
 d - a +2 pair of boots (worn)
 i - a +1 ring mail (worn)
Jewellery
 t - an amulet of the acrobat (around neck)
Wands
 b - a wand of polymorph (7)
 o - a wand of acid (5)
 p - a wand of iceblast (5)
Scrolls
 f - a scroll of acquirement
 g - 2 scrolls of magic mapping
 l - a scroll of teleportation
 n - 2 scrolls of identify
 u - a scroll of blinking
Potions
 h - 3 potions of mutation
 k - a potion of lignification
 q - a potion of magic
 r - a potion of resistance
 s - a potion of heal wounds {unknown}
 v - a potion of curing
Comestibles
 e - 3 rations {!d}
 m - 5 chunks of flesh


   Skills:
 + Level 2.3 Fighting
 + Level 3.3 Maces & Flails
 + Level 1.4 Armour
 + Level 4.6 Dodging
 + Level 3.8 Stealth
 + Level 0.3 Unarmed Combat


You had 4 spell levels left.
You didn't know any spells.
Your spell library was empty.

Dungeon Overview and Level Annotations

Branches:
Dungeon (3/12)

Altars:
Elyvilon


Innate Abilities, Weirdness & Mutations

You reflexively headbutt those who attack you in melee.
You have a pair of horns on your head.


Message History

The jelly misses you. You furiously retaliate!
You headbutt the jelly, but do no damage.
You hit the jelly but do no damage.
Your hands burn!
* * * LOW HITPOINT WARNING * * *
The jelly is heavily wounded.
The jelly closely misses you.
You hit the jelly but do no damage.
Your hands burn!
* * * LOW HITPOINT WARNING * * *
You headbutt the jelly, but do no damage.
The jelly is heavily wounded.
The jelly closely misses you. You furiously retaliate!
You headbutt the jelly, but do no damage.
You hit the jelly but do no damage. The acid corrodes you!
Your hands burn!
* * * LOW HITPOINT WARNING * * *
You headbutt the jelly, but do no damage.
The jelly is heavily wounded.
The jelly hits you.
* * * LOW HITPOINT WARNING * * *
You are splashed with acid!
You die...

#### #.#.# #. .#
#.#.# #. #.# #.#.#
#. #.# #.#.## #.
####.#####.#... #.
#..... .##.#.## #.
#.##.# .##.#.#
#J###.##.##.##.#รท#
#.@.........##.#(##
#####.##.#..##.#...
#.##...........
#............##
######.......>#
#....<....
#.........
##......## ###...##


You could see a jelly.

Vanquished Creatures
  2 orc wizards (D:3)
  Ijyb (D:3)
  5 adders (D:3)
  2 worms (D:2)
  2 dart slugs
  3 leopard geckos
  4 orcs (D:3)
  3 giant cockroaches
  10 hobgoblins
  10 jackals
  A quokka (D:1)
  2 bats
  3 frilled lizards
  3 goblins (D:1)
  9 kobolds
  3 rats (D:1)
63 creatures vanquished.

Notes
Turn   | Place    | Note
-------+----------+-------------------------------------------
     0 | D:1      | funkygono the Minotaur Archaeologist began the quest for
                  | the Orb.
     0 | D:1      | Reached XP level 1. HP: 16/16 MP: 0/0
    85 | D:1      | Reached XP level 2. HP: 16/23 MP: 1/1
   556 | D:1      | Reached XP level 3. HP: 23/28 MP: 2/2
  1049 | D:2      | Reached skill level 4 in Dodging
  1198 | D:2      | Found a white marble altar of Elyvilon.
  1640 | D:3      | Noticed Ijyb
  1659 | D:3      | Reached XP level 4. HP: 24/36 MP: 3/3
  1671 | D:3      | Reached XP level 5. HP: 23/41 MP: 4/4
  1671 | D:3      | Identified a scroll of acquirement
  1693 | D:3      | Killed Ijyb
  1693 | D:3      | Reached skill level 1 in Armour
  2232 | D:3      | Splashed by a jelly's acid

Skill      XL: |  1  2  3  4  5 |
---------------+----------------+-----
Stealth        | 3 |  3.8
Dodging        | 4 |  4.6
Maces & Flails | 2 3 |  3.3
Fighting       | 2 |  2.3
Armour         | 1 |  1.4
Unarmed Combat | |  0.3

Action                   |  1- 3 |  4- 6 || total
-------------------------+-------+-------++-------
Melee: Whip              |   116 |    83 ||   199
       Headbutt          |    17 |     7 ||    24
       Unarmed           |       |    10 ||    10
  Use: Scroll            |    13 |       ||    13
       Potion            |       |     1 ||     1
 Stab: Sleeping          |     3 |     1 ||     4
  Eat: Ration            |     1 |       ||     1
       Chunk             |     1 |       ||     1
Armor: Robe              |    24 |       ||    24
       Ring mail         |    18 |    31 ||    49
       Skin              |       |     5 ||     5
Dodge: Dodged            |   102 |    52 ||   154
